[Event "EYCC 2017"]
[Site "Mamaia"]
[Date "2017.09.14"]
[Round "9"]
[White "Samadov, Read"]
[Black "Nahornyi, Ihor"]
[Result "1-0"]
[ECO "B42"]
[WhiteElo "1848"]
[BlackElo "1690"]
[Annotator "NA RC"]
[PlyCount "97"]
[EventDate "2017.??.??"]
[EventType "swiss"]
[EventCountry "ROU"]
[SourceTitle "playchess.com"]
[Source "ChessBase"]
[SourceQuality "1"]
[TimeControl "40/5400+30:1800+30"]

1. e4 c5 2. Nf3 e6 3. d4 cxd4 4. Nxd4 a6 5. Bd3 Nf6 6. Qe2 d6 7. O-O Nbd7 8. c4 Qc7 9. Nc3 Ne5 10. b3 b5 11. Bg5 Be7 12. Rac1 Nxd3 13. Qxd3 bxc4 14. Qe2 Bb7 15. f3 O-O 16. Na4 Qd8 17. Rxc4 h6 18. Bh4 d5 19. exd5 Bxd5 20. Rcc1 Nd7 21. Bxe7 Qxe7 22. Qd2 Qd6 23. Rfd1 Nb6 24. Nxb6 Qxb6 25. Qe3 Rac8 26. Nf5 Qxe3+ 27. Nxe3 Rfd8 28. Kf2 Kf8 29. Ke2 Rxc1 30. Rxc1 h5 31. Rc5 Rd6 32. Nxd5 exd5 33. Kd3 Ke7 34. Kd4 Ke6 35. b4 Rb6 36. a3 Rd6 37. a4 Rb6 38. b5 axb5 39. axb5 Rd6 40. Rc1 Rb6 41. Kc5 Rb8 42. Re1+ Kf5 43. b6 d4 44. Kc6 Rc8+ 45. Kd7 Rc2 46. Rb1 Ra2 47. b7 Ra7 48. Kc6 Rxb7 49. Rxb7 1-0

[Event "EYCC 2017"]
[Site "Mamaia"]
[Date "2017.09.14"]
[Round "9"]
[White "Vidruk, Mariia"]
[Black "Czarnecka, Lidia"]
[Result "1/2-1/2"]
[ECO "A01"]
[WhiteElo "1848"]
[BlackElo "1792"]
[Annotator "NA RC"]
[PlyCount "112"]
[EventDate "2017.??.??"]
[EventType "swiss"]
[EventCountry "ROU"]
[SourceTitle "playchess.com"]
[Source "ChessBase"]
[SourceQuality "1"]
[TimeControl "40/5400+30:1800+30"]

1. b3 d5 2. Bb2 Nf6 3. e3 c5 4. Nf3 Nc6 5. Bb5 Bd7 6. O-O e6 7. d4 cxd4 8. exd4 Bd6 9. Nbd2 O-O 10. c4 Re8 11. Ne5 Ne7 12. Nxd7 Nxd7 13. c5 Bc7 14. b4 Nc6 15. Qa4 Bf4 16. Nf3 Qc7 17. g3 Bh6 18. Rfe1 a5 19. Bxc6 bxc6 20. b5 cxb5 21. Qxb5 Rab8 22. Qe2 g6 23. Bc1 Bg7 24. Bf4 e5 25. dxe5 Qxc5 26. Qd3 Rb2 27. Be3 Qc8 28. Bd4 Rc2 29. Qb5 Nf8 30. Qxd5 a4 31. Ng5 Re7 32. a3 h6 33. Ne4 Qg4 34. Bc3 Rd7 35. Qc4 Qf3 36. Re3 Rd1+ 37. Rxd1 Qxd1+ 38. Qf1 Qd5 39. Nf6+ Bxf6 40. exf6 Ne6 41. h4 Qc6 42. Bb4 Nd4 43. Qg2 Qxf6 44. Be7 Qf5 45. Bd6 Rc1+ 46. Kh2 Rc2 47. Re8+ Kh7 48. Bf4 Ne6 49. Be3 Qf6 50. Qe4 Ra2 51. Qxa4 Rxf2+ 52. Bxf2 Qxf2+ 53. Kh3 Qf1+ 54. Kh2 Qf2+ 55. Kh3 Qf1+ 56. Kh2 Qf2+ {[%emt 0:00:06] Rd8} 1/2-1/2

[Event "EYCC 2017"]
[Site "Mamaia"]
[Date "2017.09.14"]
[Round "9"]
[White "Pawicka, Magdalena"]
[Black "Chicarosie, Ioana-Bianca"]
[Result "1-0"]
[ECO "C44"]
[WhiteElo "1826"]
[BlackElo "1565"]
[Annotator "NA RC"]
[PlyCount "131"]
[EventDate "2017.??.??"]
[EventType "swiss"]
[EventCountry "ROU"]
[SourceTitle "playchess.com"]
[Source "ChessBase"]
[SourceQuality "1"]
[TimeControl "40/5400+30:1800+30"]

1. e4 e5 2. Nf3 Nc6 3. d4 exd4 4. Nxd4 g6 5. Be3 Bg7 6. Bc4 Nge7 7. O-O O-O 8. c3 d6 9. Na3 Nxd4 10. Bxd4 Nc6 11. Bxg7 Kxg7 12. Nc2 Be6 13. Be2 d5 14. Bf3 Ne5 15. Nd4 Nxf3+ 16. Qxf3 Qf6 17. Qxf6+ Kxf6 18. Nxe6 Kxe6 19. exd5+ Kxd5 20. Rad1+ Kc6 21. Rfe1 Rfe8 22. Kf1 f5 23. f3 a5 24. Kf2 Rad8 25. Re6+ Rxe6 26. Rxd8 Rd6 27. Rxd6+ Kxd6 28. Ke3 Ke5 29. f4+ Kd5 30. Kd3 b5 31. b3 Kc5 32. a3 c6 33. g3 Kd5 34. c4+ bxc4+ 35. bxc4+ Kc5 36. Kc3 h6 37. Kd3 Kd6 38. Kc3 c5 39. Kd3 Ke6 40. Ke3 Kf6 41. Kf3 a4 42. Kg2 Ke6 43. Kf2 Kf6 44. Kf3 Ke6 45. h3 Kf6 46. Kf2 g5 47. Kf3 h5 48. fxg5+ Kxg5 49. Ke3 h4 50. gxh4+ Kxh4 51. Kf4 Kxh3 52. Kxf5 Kg3 53. Ke4 Kf2 54. Kd5 Ke3 55. Kxc5 Kd3 56. Kb4 Kd4 57. c5 Kd5 58. Kb5 Kd4 59. c6 Kc3 60. c7 Kb3 61. c8=Q Kxa3 62. Qc3+ Ka2 63. Kxa4 Kb1 64. Qd2 Ka1 65. Kb3 Kb1 66. Qd1# 1-0

[Event "EYCC 2017"]
[Site "Mamaia"]
[Date "2017.09.14"]
[Round "9"]
[White "Koubova, Anna Marie"]
[Black "Berdnyk, Mariia"]
[Result "0-1"]
[ECO "E04"]
[WhiteElo "1805"]
[BlackElo "2055"]
[Annotator "NA RC"]
[PlyCount "86"]
[EventDate "2017.??.??"]
[EventType "swiss"]
[EventCountry "ROU"]
[SourceTitle "playchess.com"]
[Source "ChessBase"]
[SourceQuality "1"]
[TimeControl "40/5400+30:1800+30"]

1. d4 Nf6 2. c4 e6 3. g3 d5 4. Nf3 dxc4 5. Bg2 Nc6 6. Qa4 Bb4+ 7. Bd2 Nd5 8. Bxb4 Ndxb4 9. Nc3 Bd7 10. O-O a6 11. Ne5 b5 12. Qa3 Rb8 13. Nxc6 Nxc6 14. Qc5 Ne7 15. a4 O-O 16. axb5 axb5 17. Ra7 b4 18. Ne4 Nc8 19. Rxc7 c3 20. Nd6 cxb2 21. Rb1 Nxd6 22. Qxd6 Rc8 23. Rxc8 Qxc8 24. Qc5 b3 25. Rxb2 Qa6 26. Rxb3 Rc8 27. Qb6 Qxe2 28. Bf1 Qc2 29. Rb2 Qe4 30. Re2 Qa8 31. Rb2 Qd5 32. Qb7 Qxd4 33. Rb3 Rc1 34. Qa8+ Bc8 35. Rb8 Qc4 36. Qg2 h6 37. h3 Kh7 38. Kh2 Qc2 39. Bb5 Qd1 40. Bc6 Ba6 41. Ra8 Bc4 42. Ra7 f5 43. g4 Qd6+ 0-1

[Event "EYCC 2017"]
[Site "Mamaia"]
[Date "2017.09.14"]
[Round "9"]
[White "Mkrtchyan, Mariam"]
[Black "Levitan, Ronit"]
[Result "1-0"]
[ECO "E04"]
[WhiteElo "1794"]
[BlackElo "1837"]
[Annotator "NA RC"]
[PlyCount "49"]
[EventDate "2017.??.??"]
[EventType "swiss"]
[EventCountry "ROU"]
[SourceTitle "playchess.com"]
[Source "ChessBase"]
[SourceQuality "1"]
[TimeControl "40/5400+30:1800+30"]

1. d4 d5 2. Nf3 Nf6 3. c4 e6 4. g3 dxc4 5. Bg2 a6 6. O-O Nc6 7. Bg5 Rb8 8. Nc3 Be7 9. e3 Nd5 10. Bxe7 Qxe7 11. Nd2 b5 12. Nxd5 exd5 13. Bxd5 Nb4 14. Bg2 Bb7 15. Bxb7 Rxb7 16. Qf3 c5 17. a3 Nd3 18. b3 cxb3 19. Qf5 O-O 20. Qxd3 c4 21. Qc3 Ra8 22. e4 a5 23. a4 bxa4 24. Rxa4 b2 25. Rb1 1-0

[Event "EYCC 2017"]
[Site "Mamaia"]
[Date "2017.09.14"]
[Round "9"]
[White "Zvereva, Margarita"]
[Black "Roebers, Eline"]
[Result "1/2-1/2"]
[ECO "B19"]
[WhiteElo "1790"]
[BlackElo "1816"]
[Annotator "NA RC"]
[PlyCount "86"]
[EventDate "2017.??.??"]
[EventType "swiss"]
[EventCountry "ROU"]
[SourceTitle "playchess.com"]
[Source "ChessBase"]
[SourceQuality "1"]
[TimeControl "40/5400+30:1800+30"]

1. e4 c6 2. d4 d5 3. Nc3 dxe4 4. Nxe4 Bf5 5. Ng3 Bg6 6. h4 h6 7. Nf3 Nd7 8. h5 Bh7 9. Bd3 Bxd3 10. Qxd3 Ngf6 11. Ne4 Nxe4 12. Qxe4 Nf6 13. Qe2 Qc7 14. g3 e6 15. Bf4 Bb4+ 16. c3 Bd6 17. Ne5 O-O-O 18. O-O-O Rhf8 19. Kb1 Nd7 20. Nd3 c5 21. dxc5 Nxc5 22. Nxc5 Qxc5 23. Be3 Qf5+ 24. Ka1 Kb8 25. Rd4 Bc7 26. Ra4 a6 27. Rd4 e5 28. Rdd1 Rxd1+ 29. Rxd1 Rd8 30. Rxd8+ Bxd8 31. a3 Qd7 32. Bd2 Qd5 33. c4 Qe6 34. Bc3 Bc7 35. Bb4 Bd6 36. Bc3 Qf5 37. g4 Qf4 38. Bd2 Qf6 39. Ka2 Bc5 40. f3 Bd4 41. Be3 Qb6 42. Bc1 a5 43. b3 Qc6 1/2-1/2

[Event "EYCC 2017"]
[Site "Mamaia"]
[Date "2017.09.14"]
[Round "9"]
[White "Piliposyan, Robert"]
[Black "Gasparyan, David"]
[Result "1-0"]
[ECO "B20"]
[WhiteElo "1773"]
[BlackElo "1569"]
[Annotator "NA RC"]
[PlyCount "93"]
[EventDate "2017.??.??"]
[EventType "swiss"]
[EventCountry "ROU"]
[SourceTitle "playchess.com"]
[Source "ChessBase"]
[SourceQuality "1"]
[TimeControl "40/5400+30:1800+30"]

1. e4 c5 2. Ne2 Nc6 3. g3 g6 4. Bg2 Bg7 5. O-O d6 6. c3 Nf6 7. d4 cxd4 8. cxd4 O-O 9. Nbc3 a6 10. h3 Nd7 11. Be3 Rb8 12. Rc1 Na5 13. b3 b5 14. d5 Nb6 15. Qd2 Bd7 16. Nd1 Nb7 17. Nb2 Rc8 18. Nd3 a5 19. Nd4 Nc5 20. Nxc5 dxc5 21. Ne2 b4 22. Rxc5 Rxc5 23. Bxc5 Bb5 24. Rc1 Nd7 25. Be3 Ba6 26. f4 Re8 27. Nd4 Bxd4 28. Qxd4 e6 29. dxe6 Rxe6 30. e5 Qe8 31. Bd5 Re7 32. Bc6 Qc8 33. Qd6 Qd8 34. Bxd7 Rxd7 35. Qxa6 Rd1+ 36. Rxd1 Qxd1+ 37. Qf1 Qc2 38. Qf2 Qd1+ 39. Kh2 Qd5 40. Qd2 Qb5 41. g4 Qb8 42. Bc5 Qe8 43. Qd6 h6 44. f5 g5 45. e6 fxe6 46. fxe6 Qa8 47. e7 1-0

[Event "EYCC 2017"]
[Site "Mamaia"]
[Date "2017.09.14"]
[Round "9"]
[White "Lomaia, Diana"]
[Black "Karavitaki, Evaggelia"]
[Result "1-0"]
[ECO "B42"]
[WhiteElo "1753"]
[BlackElo "1703"]
[Annotator "NA RC"]
[PlyCount "151"]
[EventDate "2017.??.??"]
[EventType "swiss"]
[EventCountry "ROU"]
[SourceTitle "playchess.com"]
[Source "ChessBase"]
[SourceQuality "1"]
[TimeControl "40/5400+30:1800+30"]

1. e4 c5 2. Nf3 e6 3. d4 cxd4 4. Nxd4 a6 5. Bd3 Bc5 6. Nb3 Ba7 7. O-O Nc6 8. c4 Nf6 9. Qe2 d6 10. Nc3 O-O 11. Be3 Bxe3 12. Qxe3 Qe7 13. Rae1 Ne5 14. f4 Nxd3 15. Qxd3 Rd8 16. Kh1 b6 17. f5 Bb7 18. Nd4 e5 19. Nc2 Rac8 20. Ne3 Qc7 21. Rc1 Qb8 22. b3 Qa8 23. Ned5 Bxd5 24. Nxd5 Nxd5 25. exd5 f6 26. Qe4 Qb7 27. Rf3 Qf7 28. Rh3 h6 29. Rcc3 Kf8 30. Rhg3 Ke7 31. Qe3 Rb8 32. h3 Rdc8 33. a4 a5 34. Rc1 Rc5 35. Rg4 Rbc8 36. Rb1 Kf8 37. Qd3 Qc7 38. Re1 Qf7 39. Re3 R8c7 40. Reg3 Qe7 41. Qe3 Qe8 42. Rg6 Rd7 43. Kh2 Rdc7 44. R6g4 Rd7 45. Rg6 Rdc7 46. R3g4 Rd7 47. Qg3 Qf7 48. Qh4 Rcc7 49. Re4 Rc5 50. Qf2 Rdc7 51. Re3 Rd7 52. Qf3 Rdc7 53. Qe4 Rd7 54. h4 Ke8 55. g4 Kd8 56. Rg3 Kc8 57. Kg2 Kb7 58. g5 hxg5 59. hxg5 fxg5 60. R3xg5 Rcc7 61. Kf3 Ka7 62. Qg4 Kb7 63. Ke4 Ka7 64. Re6 Qf8 65. Qh5 Kb7 66. Re8 Qf7 67. Qh8 Ka6 68. Rg6 Ra7 69. Rge6 g5 70. Rg6 Qh7 71. Rxg5 Qxh8 72. Rxh8 Kb7 73. Rhg8 Kc7 74. R5g7 Ra6 75. f6 Rxg7 76. fxg7 1-0

[Event "EYCC 2017"]
[Site "Mamaia"]
[Date "2017.09.14"]
[Round "9"]
[White "Ince, Safiye Oyku"]
[Black "Sosnina, Nadezhda"]
[Result "1-0"]
[ECO "B01"]
[WhiteElo "1737"]
[BlackElo "1797"]
[Annotator "NA RC"]
[PlyCount "109"]
[EventDate "2017.??.??"]
[EventType "swiss"]
[EventCountry "ROU"]
[SourceTitle "playchess.com"]
[Source "ChessBase"]
[SourceQuality "1"]
[TimeControl "40/5400+30:1800+30"]

1. e4 d5 2. exd5 Nf6 3. d4 Bg4 4. Bb5+ Nbd7 5. Be2 Bxe2 6. Qxe2 Nxd5 7. Nf3 e6 8. O-O Bd6 9. c4 Nf4 10. Qe4 Nf6 11. Qxb7 Ne2+ 12. Kh1 O-O 13. Bd2 Rb8 14. Qxa7 Ra8 15. Qb7 Rb8 16. Qa6 Rxb2 17. c5 Nxd4 18. Nxd4 Bxc5 19. Nb3 Bb6 20. Qc4 Qa8 21. Nc3 Rd8 22. Rfd1 Rc2 23. Qh4 Rd3 24. Rac1 Bxf2 25. Qc4 Rxc1 26. Qxd3 Rxd1+ 27. Nxd1 Bb6 28. Be3 Bxe3 29. Nxe3 Ne4 30. Kg1 Nd6 31. Qc2 Qb7 32. Qd2 h6 33. Qd4 Qa6 34. a4 Qb7 35. Qd3 Qa7 36. a5 Nf5 37. Kf2 c5 38. Nxf5 exf5 39. Qc4 Qc7 40. a6 g6 41. g3 Qb6 42. Ke3 Qb8 43. Kd2 Qd8+ 44. Kc2 Qa8 45. Kb2 Qa7 46. Ka3 Qb6 47. Qa4 Qa7 48. Qc6 c4 49. Qb7 Qf2 50. a7 c3 51. a8=Q+ Kg7 52. Qg2 Qe1 53. Qc2 Qe7+ 54. Ka2 Qc7 55. Qa5 1-0

[Event "EYCC 2017"]
[Site "Mamaia"]
[Date "2017.09.14"]
[Round "9"]
[White "Alekseenko, Mariya"]
[Black "Murzina, Agata"]
[Result "1-0"]
[ECO "A25"]
[WhiteElo "1731"]
[BlackElo "1825"]
[Annotator "NA RC"]
[PlyCount "177"]
[EventDate "2017.??.??"]
[EventType "swiss"]
[EventCountry "ROU"]
[SourceTitle "playchess.com"]
[Source "ChessBase"]
[SourceQuality "1"]
[TimeControl "40/5400+30:1800+30"]

1. c4 e5 2. g3 g6 3. Bg2 Bg7 4. Nc3 Nc6 5. d3 b6 6. e3 Bb7 7. Nge2 Nge7 8. O-O O-O 9. Rb1 d6 10. b4 Rb8 11. a4 Qd7 12. Ba3 Rfe8 13. Qc2 Nd8 14. e4 Ne6 15. b5 f5 16. Nd5 Rf8 $11 17. Rfd1 Bc8 18. Bc1 Nc5 19. Bg5 Nxd5 20. cxd5 f4 21. gxf4 h6 22. Bh4 Qg4 23. Bg3 exf4 24. f3 Qg5 25. h4 Qd8 26. Bf2 g5 27. Bd4 g4 28. Bxg7 Kxg7 29. Qc3+ Kh7 30. Qe1 g3 31. Kf1 Qxh4 32. Ng1 Rg8 33. d4 Nb7 34. Rbc1 Rg7 35. e5 Bf5 36. e6 Re8 37. Qd2 Na5 38. Rc3 h5 39. Rdc1 Ree7 40. Rd3 Qg5 41. Rdc3 h4 42. Nh3 Bxh3 43. Bxh3 Kg8 44. R1c2 Kh7 45. Qd3+ Kh6 46. Qe4 Rg6 47. Kg2 Rgg7 48. Rc1 Nb7 49. Rh1 Rg6 50. Bg4 Rg8 51. Rcc1 Kg7 52. Rh3 Na5 53. Rch1 Rh8 54. Qf5 Qxf5 55. Bxf5 Kf6 56. Be4 Kg5 57. Rc1 Nb3 58. Rd1 Ra8 59. Bc2 Na5 60. Bd3 Rh8 61. Rb1 Rh5 62. Rb4 Re8 63. Bb1 Kf6 64. Ba2 Ke7 65. Rb2 Ra8 66. Rc2 Kd8 67. Rc1 a6 68. bxa6 Rxa6 69. Rch1 c5 70. Rxh4 Rxh4 71. Rxh4 c4 72. Bb1 Nb3 73. Rh8+ Ke7 74. Rh7+ Kf6 75. Rf7+ Kg5 76. e7 Ra8 77. Rf8 Re8 78. Rxe8 Kf6 79. Rb8 Kxe7 80. Rxb6 Nd2 81. Bc2 Kd7 82. Rb4 c3 83. a5 Nc4 84. Rxc4 Ke7 85. a6 Kf7 86. a7 Kf6 87. a8=Q Ke7 88. Rc7+ Kf6 89. Qd8# 1-0

[Event "EYCC 2017"]
[Site "Mamaia"]
[Date "2017.09.14"]
[Round "9"]
[White "Goraj, Barbara"]
[Black "Wikar, Martyna"]
[Result "1/2-1/2"]
[ECO "B92"]
[WhiteElo "1711"]
[BlackElo "1943"]
[Annotator "NA RC"]
[PlyCount "63"]
[EventDate "2017.??.??"]
[EventType "swiss"]
[EventCountry "ROU"]
[SourceTitle "playchess.com"]
[Source "ChessBase"]
[SourceQuality "1"]
[TimeControl "40/5400+30:1800+30"]

1. e4 c5 2. Nf3 d6 3. d4 cxd4 4. Nxd4 Nf6 5. Nc3 a6 6. Be2 e5 7. Nb3 Be7 8. Bg5 Be6 9. Bxf6 Bxf6 10. Qd3 Nc6 11. O-O-O Bxb3 12. axb3 Bg5+ 13. Kb1 Nd4 14. Bg4 O-O 15. Nd5 a5 16. Ka2 Ra6 17. h4 $14 Bh6 18. c3 Ne6 19. Qh3 Qd7 20. Bf5 a4 21. b4 Kh8 22. Qd3 Qd8 23. Qb5 Qc8 24. f3 g6 25. Bxe6 fxe6 26. Nb6 Qc7 27. Nc4 Rc8 28. Na3 Qf7 29. Nc4 Qc7 30. Na3 Qf7 31. Nc4 Qc7 32. Na3 1/2-1/2

[Event "EYCC 2017"]
[Site "Mamaia"]
[Date "2017.09.14"]
[Round "9"]
[White "Royal, Shreyas"]
[Black "Camlar, Arda"]
[Result "1-0"]
[ECO "E04"]
[WhiteElo "1700"]
[BlackElo "1361"]
[Annotator "NA RC"]
[PlyCount "65"]
[EventDate "2017.??.??"]
[EventType "swiss"]
[EventCountry "ROU"]
[SourceTitle "playchess.com"]
[Source "ChessBase"]
[SourceQuality "1"]
[TimeControl "40/5400+30:1800+30"]

1. d4 d5 2. Nf3 Nf6 3. c4 e6 4. g3 dxc4 5. Bg2 a6 6. O-O Nc6 7. e3 Bd7 8. Nbd2 b5 9. Ne5 Nd5 10. Nxd7 Qxd7 11. a4 Qc8 12. e4 Nde7 13. d5 Ne5 14. dxe6 fxe6 15. Qh5+ N7g6 16. f4 Nd3 17. f5 Bc5+ 18. Kh1 Nf2+ 19. Rxf2 Bxf2 20. fxg6 h6 21. e5 O-O 22. Ne4 Rf5 23. Qh3 Qe8 24. axb5 Rd8 25. Bf4 Qxb5 26. Nxf2 Qxb2 27. Rf1 c3 28. Be4 Rff8 29. Qxe6+ Kh8 30. Qh3 Kg8 31. Bd5+ Kh8 32. Bxh6 Rxf2 33. Be3# 1-0

[Event "EYCC 2017"]
[Site "Mamaia"]
[Date "2017.09.14"]
[Round "9"]
[White "Tsotsonava, Elene"]
[Black "Dubovyk, Anastasiia"]
[Result "0-1"]
[ECO "B27"]
[WhiteElo "1644"]
[BlackElo "1785"]
[Annotator "NA RC"]
[PlyCount "116"]
[EventDate "2017.??.??"]
[EventType "swiss"]
[EventCountry "ROU"]
[SourceTitle "playchess.com"]
[Source "ChessBase"]
[SourceQuality "1"]
[TimeControl "40/5400+30:1800+30"]

1. e4 c5 2. Nf3 g6 3. d4 cxd4 4. Nxd4 Bg7 5. Ne2 Nc6 6. Nbc3 Nf6 7. g3 d6 8. Bg2 O-O 9. O-O Bd7 10. h3 Re8 11. Nd5 Rc8 12. Nec3 Nxd5 13. exd5 Ne5 14. Ne2 Bb5 15. Re1 Bxe2 16. Qxe2 a6 17. a4 Qc7 18. c3 h6 19. h4 e6 20. dxe6 Rxe6 21. Qd1 Rce8 22. Bd2 Nc4 23. Rxe6 Rxe6 24. Bd5 Re7 25. Bxc4 Qxc4 26. Be3 d5 27. Qd2 Kh7 28. Rd1 Qxa4 29. Qxd5 Re6 30. b3 Qg4 31. c4 Re5 32. Qd7 Qf3 33. Qd3 Re6 34. Qd5 Qg4 35. Kg2 Re5 36. Qd7 Rf5 37. Rd5 Qe4+ 38. Kh2 Rf3 39. Qxb7 Rf5 40. Rd7 Qe6 41. Rd5 Qe4 42. Qxa6 Be5 43. Rxe5 Rxe5 44. b4 g5 45. Qf6 Rf5 46. Qd4 Qe6 47. b5 gxh4 48. Qxh4 Re5 49. Bd4 Rf5 50. c5 Qe2 51. g4 Rg5 52. b6 Rxg4 53. Qf6 Qc4 54. Qf5+ Rg6 55. b7 Qxd4 56. b8=Q Qh4+ 57. Qh3 Qxf2+ 58. Kh1 Qg1# {[%emt 0:00:18] Qa8} 0-1

[Event "EYCC 2017"]
[Site "Mamaia"]
[Date "2017.09.14"]
[Round "9"]
[White "Ljepic, Andrej"]
[Black "Giang, Tran Nam"]
[Result "0-1"]
[ECO "B23"]
[WhiteElo "1616"]
[BlackElo "1561"]
[Annotator "NA RC"]
[PlyCount "46"]
[EventDate "2017.??.??"]
[EventType "swiss"]
[EventCountry "ROU"]
[SourceTitle "playchess.com"]
[Source "ChessBase"]
[SourceQuality "1"]
[TimeControl "40/5400+30:1800+30"]

1. e4 c5 2. Nc3 e6 3. f4 d5 4. Nf3 dxe4 5. Nxe4 Nc6 6. Bc4 Nh6 7. O-O Be7 8. d3 O-O 9. Kh1 Nf5 10. c3 b6 11. g4 Nd6 12. Nxd6 Qxd6 13. Be3 Bb7 14. Kg1 Rac8 15. Qe2 Na5 16. Rad1 Qc7 17. Nd2 Rfd8 18. Qf2 Qc6 19. Qg3 Bh4 20. Qf3 Qxf3 21. Nxf3 Bxf3 22. Rxf3 Nxc4 23. g5 f6 0-1

[Event "EYCC 2017"]
[Site "Mamaia"]
[Date "2017.09.14"]
[Round "9"]
[White "Mikheeva, Galina"]
[Black "Markus, Molli Amina"]
[Result "1/2-1/2"]
[ECO "C02"]
[WhiteElo "1596"]
[BlackElo "1520"]
[Annotator "NA RC"]
[PlyCount "81"]
[EventDate "2017.??.??"]
[EventType "swiss"]
[EventCountry "ROU"]
[SourceTitle "playchess.com"]
[Source "ChessBase"]
[SourceQuality "1"]
[TimeControl "40/5400+30:1800+30"]

1. e4 e6 2. d4 d5 3. e5 c5 4. c3 Nc6 5. Nf3 Qb6 6. a3 c4 7. Nbd2 Na5 8. h4 Bd7 9. g3 Ne7 10. Bh3 Qc7 11. O-O Nc8 12. Ne1 Nb6 13. f4 O-O-O 14. Qf3 g6 15. h5 Be7 16. Rb1 Rhg8 17. Kh2 Ba4 18. Rg1 Kb8 19. Kg2 Qd7 20. Kf2 Qb5 21. Rh1 Nb3 22. Nxb3 Qxb3 23. Ra1 Bd7 24. hxg6 hxg6 25. Qe2 Qb5 26. Nf3 Rg7 27. Qc2 Rdg8 28. Bf1 Qa4 29. Qe2 Qc6 30. Bg2 Qc8 31. Be3 Rh8 32. g4 Rgh7 33. g5 Na4 34. Rag1 Rxh1 35. Bxh1 Qf8 36. Bc1 Qc8 37. Bg2 a5 38. Qd2 b5 39. Kg3 Qb7 40. Nh2 Kc7 41. Qc2 1/2-1/2

[Event "EYCC 2017"]
[Site "Mamaia"]
[Date "2017.09.14"]
[Round "9"]
[White "Kanov, Nikola"]
[Black "Kolesov, Gordey"]
[Result "0-1"]
[ECO "B90"]
[WhiteElo "1590"]
[BlackElo "1672"]
[Annotator "NA RC"]
[PlyCount "152"]
[EventDate "2017.??.??"]
[EventType "swiss"]
[EventCountry "ROU"]
[SourceTitle "playchess.com"]
[Source "ChessBase"]
[SourceQuality "1"]
[TimeControl "40/5400+30:1800+30"]

1. e4 c5 2. Nf3 d6 3. d4 cxd4 4. Nxd4 Nf6 5. Nc3 a6 6. f3 e6 7. Be3 b5 8. Qd2 Nbd7 9. O-O-O b4 10. Nce2 Ne5 11. Ng3 Qa5 12. Kb1 Bd7 13. Nb3 Qa4 14. Bb6 Qc6 15. Ba5 Rc8 16. Nd4 Qb7 17. Qxb4 Qxb4 18. Bxb4 Nc4 19. Nb3 d5 20. Bxf8 Rxf8 21. exd5 Nxd5 22. Bxc4 Rxc4 23. Ne4 Ke7 24. Nec5 Bb5 25. Rhe1 Kf6 26. Ne4+ Kg6 27. Nbc5 Rc8 28. b3 R4xc5 29. Nxc5 Nc3+ 30. Ka1 Nxd1 31. Rxd1 Rxc5 32. c4 Bc6 33. Rd6 a5 34. Kb2 Kf6 35. Kc3 Ke7 36. Rd2 Rh5 37. h3 e5 38. a3 Rh6 39. b4 axb4+ 40. axb4 e4 41. b5 Bb7 42. fxe4 Bxe4 43. c5 Rg6 44. g4 Rh6 45. Re2 Re6 46. Rd2 f6 47. c6 Bxc6 48. bxc6 Rxc6+ 49. Kb2 Rd6 50. Re2+ Re6 51. Rh2 Re3 52. Kc2 Ke6 53. Kd2 Ra3 54. Re2+ Kf7 55. Re3 Rxe3 56. Kxe3 Ke6 57. Kd4 g6 58. Ke4 f5+ 59. Kf4 Kf6 60. h4 h6 61. Kg3 Ke5 62. Kf3 f4 63. Ke2 g5 64. hxg5 hxg5 65. Kd3 Kd5 66. Ke2 Ke4 67. Kf2 f3 68. Ke1 Ke3 69. Kf1 f2 70. Kg2 Ke2 71. Kg3 f1=Q 72. Kh2 Qf3 73. Kg1 Qxg4+ 74. Kh2 Qh4+ 75. Kg1 Kf3 76. Kf1 Qh1# 0-1

[Event "EYCC 2017"]
[Site "Mamaia"]
[Date "2017.09.14"]
[Round "9"]
[White "Shubenkova, Veronika"]
[Black "Shvedova, Alexandra"]
[Result "1/2-1/2"]
[ECO "A48"]
[WhiteElo "1505"]
[BlackElo "1578"]
[Annotator "NA RC"]
[PlyCount "82"]
[EventDate "2017.??.??"]
[EventType "swiss"]
[EventCountry "ROU"]
[SourceTitle "playchess.com"]
[Source "ChessBase"]
[SourceQuality "1"]
[TimeControl "40/5400+30:1800+30"]

1. Nf3 Nf6 2. d4 g6 3. e3 Bg7 4. Bd3 O-O 5. O-O c5 6. c3 d5 7. Ne5 Qc7 8. f4 Nc6 9. Nd2 Rb8 10. Qe2 a6 11. Ndf3 b5 12. Nxc6 Qxc6 13. Ne5 Qc7 14. Bd2 Ne8 15. h3 Nd6 16. g4 Ne4 17. Qg2 Bb7 18. h4 Kh8 19. g5 Qc8 20. Bxe4 dxe4 21. Qg3 c4 22. Kg2 f6 23. Ng4 Qf5 24. Rh1 Bc8 25. Nf2 Bd7 26. h5 gxh5 27. Rxh5 Be8 28. Rh4 Bg6 29. Qg4 fxg5 30. Qxg5 Qf7 31. Qg3 Rg8 32. Kf1 Bf5 33. Qh2 Bf6 34. Rh5 Bg6 35. Rh3 Bf5 36. Rh5 Bg6 37. Rh3 Bf5 38. Rh6 Rg6 39. Rh5 e6 40. Rh6 Qg7 41. Rxg6 Qxg6 1/2-1/2

[Event "EYCC 2017"]
[Site "Mamaia"]
[Date "2017.09.14"]
[Round "9"]
[White "Svergina, Sofya"]
[Black "Kirtadze, Anastasia"]
[Result "1/2-1/2"]
[ECO "B56"]
[WhiteElo "1472"]
[BlackElo "1193"]
[Annotator "NA RC"]
[PlyCount "45"]
[EventDate "2017.??.??"]
[EventType "swiss"]
[EventCountry "ROU"]
[SourceTitle "playchess.com"]
[Source "ChessBase"]
[SourceQuality "1"]
[TimeControl "40/5400+30:1800+30"]

1. e4 c5 2. Nf3 d6 3. d4 cxd4 4. Nxd4 Nf6 5. Nc3 Nc6 6. Be3 Ng4 7. Bg5 h6 8. Bh4 g5 9. Bg3 Bg7 10. Bb5 Qb6 11. Bxc6+ bxc6 12. Nb3 Ne5 13. Bxe5 Bxe5 14. O-O h5 15. Rb1 g4 16. Ne2 h4 17. Kh1 h3 18. g3 Bb7 19. Nc3 Rg8 20. f4 Bh8 21. Qd2 f5 22. Qf2 Qc7 23. Kg1 1/2-1/2

[Event "EYCC 2017"]
[Site "Mamaia"]
[Date "2017.09.14"]
[Round "9"]
[White "Siekanska, Maria"]
[Black "Gasimova, Samra"]
[Result "0-1"]
[ECO "E71"]
[WhiteElo "1471"]
[BlackElo "1578"]
[Annotator "NA RC"]
[PlyCount "136"]
[EventDate "2017.??.??"]
[EventType "swiss"]
[EventCountry "ROU"]
[SourceTitle "playchess.com"]
[Source "ChessBase"]
[SourceQuality "1"]
[TimeControl "40/5400+30:1800+30"]

1. d4 Nf6 2. c4 g6 3. Nc3 Bg7 4. e4 d6 5. h3 O-O 6. Be3 Nc6 7. Nf3 Re8 8. Be2 b6 9. O-O Bb7 10. d5 Ne5 11. Bf4 Nfd7 12. Rc1 Nxf3+ 13. Bxf3 Ne5 14. Be2 c6 15. Re1 cxd5 16. cxd5 Rc8 17. Nb5 a6 18. Nc3 b5 19. a3 Nc4 20. Bxc4 Rxc4 21. Qd2 Qc7 22. Bg5 Rc8 23. Rc2 Bxc3 24. Rxc3 Rxc3 25. Qxc3 f6 26. Bd2 Qb6 27. Qd3 a5 28. Be3 Qa6 29. Rc1 Rxc1+ 30. Bxc1 b4 31. Qc2 bxa3 32. bxa3 Qb6 33. Bh6 Kf7 34. Be3 Qd8 35. Qb3 Qc7 36. Kh2 Qd7 37. Bd4 a4 38. Qe3 Qb5 39. Qh6 Kg8 40. Qd2 Ba6 41. Be3 Kf7 42. g4 g5 43. h4 gxh4 44. g5 Qe2 45. Qxe2 Bxe2 46. Kg2 Bd3 47. f3 f5 48. exf5 Bxf5 49. Bf2 Bd3 50. Bxh4 Bc4 51. f4 Bxd5+ 52. Kh3 Kg6 53. Kg4 Be6+ 54. Kf3 Kf5 55. g6 Kxg6 56. Bxe7 d5 57. Bc5 Kf5 58. Bf2 h5 59. Be1 d4 60. Bg3 d3 61. Ke3 Bc4 62. Be1 Kg4 63. Kd4 Bb5 64. Ke3 h4 65. Bf2 h3 66. Bg1 Kg3 67. f5 Kg2 68. Kd4 d2 0-1

[Event "EYCC 2017"]
[Site "Mamaia"]
[Date "2017.09.14"]
[Round "9"]
[White "Yonal, Timur"]
[Black "Vetokhin, Savva"]
[Result "0-1"]
[ECO "E66"]
[WhiteElo "1437"]
[BlackElo "1703"]
[Annotator "NA RC"]
[PlyCount "86"]
[EventDate "2017.??.??"]
[EventType "swiss"]
[EventCountry "ROU"]
[SourceTitle "playchess.com"]
[Source "ChessBase"]
[SourceQuality "1"]
[TimeControl "40/5400+30:1800+30"]

1. Nf3 g6 2. g3 Bg7 3. Bg2 Nf6 4. O-O O-O 5. d4 d6 6. c4 c5 7. Nc3 Nc6 8. d5 Na5 9. Qd3 a6 10. e4 b5 11. cxb5 axb5 12. Re1 c4 13. Qd1 b4 14. Nb5 Nb3 15. Bf4 Nxa1 16. Qxa1 Nh5 17. e5 Nxf4 18. gxf4 Ra5 19. Nbd4 Rxd5 20. Nc6 Qd7 21. Nfd4 Rxd4 22. Nxd4 dxe5 23. Nc6 Bb7 24. Nxe5 Bxe5 25. Rxe5 Qg4 26. Rg5 Qxf4 27. Rg3 Bxg2 28. Kxg2 Rd8 29. Qe1 Rd2 30. Rf3 Qg4+ 31. Rg3 Qd4 32. Rf3 e5 33. Re3 Qxb2 34. Rxe5 Rxf2+ 35. Qxf2 Qxe5 36. Qb6 c3 37. Qxb4 c2 38. Qd2 Qb2 39. Kf3 c1=Q 40. Qd8+ Kg7 41. Ke4 Qe2+ 42. Kd5 Qd3+ 43. Ke5 Qce3# 0-1